Map: Port Aleksander LE

Players

admiral

  • Race: Protoss Protoss
  • League: Platinum
  • Spawn Location: 11:00

Glamdring - Winner!

  • Race: Zerg Zerg
  • League: Platinum
  • Spawn Location: 5:00

VOD

Have the link to the VOD?

Description

low low plat mmr

Time

  • Played on: Feb. 20, 2019, 7:44 p.m.
  • Length: 6:43
Show
View Real Time Build Order
Export as new Build Order

admiral Protoss 

Build Orders:  

Get SALT Encoding   

  12  0:02  Probe  
  14  0:14  Probe  
  14  0:20  Pylon  
  14  0:26  Probe  
  15  0:38  Probe  
  16  0:45  Forge  
  16  0:50  Probe  
  17  0:59  Pylon  
  17  1:02  Probe  
  18  1:09  Assimilator  
  18  1:15  Probe  
  19  1:19  Photon Cannon  
  19  1:29  Photon Cannon  
  18  1:34  Probe  
  19  1:46  Probe  
  20  1:58  Probe  
  21  2:07  Gateway  
  21  2:10  Probe  
  21  2:13  Photon Cannon  
  22  2:16  Photon Cannon  
  22  2:20  Photon Cannon  
  22  2:35  Probe  
  22  2:47  Probe  
  22  2:49  Photon Cannon  
  23  3:00  Cybernetics Core  
  23  3:17  Pylon  
  23  3:25  Nexus  
  23  3:28  Assimilator  
  23  3:35  Probe  
  24  3:45  Assimilator  
  24  3:47  Probe, Assimilator  
  25  3:59  Probe  
  25  4:00  Pylon  
  26  4:12  Probe  
  27  4:22  Stargate  
  27  4:24  Probe  
  28  4:36  Probe  
  29  4:38  Probe  
  29  4:40  Gateway  
  29  4:44  Probe  
  30  4:46  Probe  
  30  4:52  Probe  
  32  4:55  Probe  
  34  5:02  Probe  
  34  5:07  Probe, Phoenix  
  38  5:14  Probe  
  38  5:17  Gateway  
  38  5:19  Probe  
  40  5:22  Twilight Council  
  40  5:26  Probe  
  41  5:28  Gateway  
  41  5:31  Probe  
  41  5:32  Phoenix  
  44  5:38  Probe  
  44  5:41  Pylon  
  45  5:43  Probe  
  46  5:50  Probe  
  46  5:52  Robotics Facility  
  46  5:55  Probe  
  46  5:56  Pylon  
  48  6:06  Templar Archives  
Show
View Real Time Build Order
Export as new Build Order

Glamdring Zerg - Winner!

Build Orders: Hatch First 

Get SALT Encoding   

  12  0:02  Drone  
  13  0:17  Drone  
  13  0:20  Overlord  
  14  0:38  Drone  
  14  0:39  Drone  
  16  0:58  Hatchery  
  15  1:17  Spawning Pool  
  14  1:40  Drone x3  
  17  2:03  Queen  
  17  2:07  Zergling x4  
  22  2:22  Zergling x2  
  22  2:23  Zergling x4  
  24  2:39  Drone  
  24  2:40  Drone x2  
  26  2:47  Drone  
  26  2:48  Drone  
  28  2:57  Drone, Extractor  
  28  3:10  Overlord  
  28  3:24  Overlord  
  28  3:25  Overlord  
  28  3:26  Overlord  
  28  3:30  Extractor  
  25  3:37  Drone x5  
  30  3:45  Drone  
  30  3:46  Drone  
  32  4:01  Metabolic Boost  
  32  4:07  Drone x4  
  36  4:13  Drone  
  36  4:14  Drone x2  
  36  4:17  Queen  
  41  4:25  Lair  
  41  4:32  Extractor  
  41  4:33  Drone x3, Extractor  
  44  4:48  Baneling Nest  
  44  4:52  Evolution Chamber  
  43  5:11  Spore Crawler  
  43  5:12  Hatchery, Spore Crawler  
  40  5:17  Overlord x2  
  40  5:18  Overlord  
  40  5:27  Nydus Network  
  39  5:28  Drone  
  39  5:29  Drone  
  41  5:40  Overlord  
  41  5:45  Zergling x2  
  41  5:47  Zergling x14  
  49  5:59  Zergling x2  
  49  6:00  Zergling x4  
  52  6:09  Nydus Canal  
  52  6:10  Zergling x12  
  58  6:15  Zergling x4  
  60  6:28  Baneling x2  
Tags
 
Add a new tag
Caveats
  • Supply blocks, unpowered buildings, or Contaminate may cause inaccurate times.
  • Supply counts are checked every 10 seconds.